 Dungeon Crawl Stone Soup version 0.29-a0-393-g47a863cc1b (webtiles) character file.

Game seed: 6042233371754201515

31 lesaewzxc the Bolt Thrower (level 3, 0/21 HPs)
             Began as a Kobold Arcane Marksman on May 9, 2022.
             Slain by an orc
             ... wielding a +0 hand axe
              (2 damage)
             ... on level 3 of the Dungeon.
             The game lasted 00:10:02 (1386 turns).

lesaewzxc the Bolt Thrower (Kobold Arcane Marksman) Turns: 1386, Time: 00:10:02

Health: 0/21       AC:  2    Str:  5 (7)  XL:     3   Next: 40%
Magic:  5/5        EV: 15    Int: 12 (14) God:
Gold:   20         SH:  0    Dex: 16 (17) Spells: 4/5 levels left

rFire   . . .      SeeInvis .   a - +0 hand crossbow
rCold   . . .      Faith    .   (no shield)
rNeg    . . .      Spirit   .   b - +0 robe
rPois   .          Reflect  .   (no helmet)
rElec   .          Harm     .   (no cloak)
rCorr   .          Rampage  .   (no gloves)
Will    .....                   (no boots)
Stlth   ++........              (no amulet)
HPRegen 0.07/turn               (no ring)
MPRegen 0.09/turn               (no ring)

@: confused
A: small, no large weapons, nightstalker 3
a: no special abilities


You were on level 3 of the Dungeon.
You visited 1 branch of the dungeon, and saw 3 of its levels.

You collected 20 gold pieces.

Inventory:

Hand Weapons
 a - a +0 hand crossbow (weapon)
Armour
 b - a +0 robe (worn)
Scrolls
 c - a scroll of vulnerability
 e - a scroll of enchant weapon {unknown}
 h - 2 scrolls of identify
Potions
 d - a potion of heal wounds
 f - a potion of curing
 g - 2 potions of attraction {unknown}


   Skills:
 * Level 2.0 Fighting
 * Level 3.3 Crossbows
 + Level 2.8 Dodging
 + Level 1.5 Spellcasting
 + Level 3.2 Hexes


You had 4 spell levels left.
You knew the following spells:

 Your Spells              Type           Power      Damage    Failure   Level
a - Slow                  Hex            32%        N/A       8%          1

Your spell library contained the following spells:

 Spells                   Type           Power      Damage    Failure   Level
 Inner Flame              Hex/Fire       4%         N/A       41%         3
 Portal Projectile        Hex/Tloc       8%         N/A       41%         3
 Cause Fear               Hex            4%         N/A       58%         4


Dungeon Overview and Level Annotations

Branches:
Dungeon (3/15)

Altars:


Innate Abilities, Weirdness & Mutations

You are small and have problems with some larger weapons.
You are completely attuned to the shadows.


Message History

An orc comes into view. It is wielding a +0 falchion.
Shoot: a) +0 hand crossbow
Press: ? - help, Shift-Dir - straight line, f - orc wizard
Aim: an orc wizard, wielding a +0 dagger and wearing a +0 robe (55% to hit)
You shoot a bolt. The bolt misses the orc wizard.
The bolt hits the orc.
The orc is moderately wounded.
Shoot: a) +0 hand crossbow
Press: ? - help, Shift-Dir - straight line, f/p - orc wizard
Aim: an orc wizard, wielding a +0 dagger and wearing a +0 robe (55% to hit)
You shoot a bolt. The bolt hits the orc wizard.
The orc wizard is lightly wounded.
The orc wizard casts a spell at you. The magic dart hits you.
* * * LOW HITPOINT WARNING * * *
An orc comes into view. It is wielding a +0 hand axe.
Shoot: a) +0 hand crossbow
Press: ? - help, Shift-Dir - straight line, f/p - orc wizard
Aim: an orc wizard, wielding a +0 dagger and wearing a +0 robe (lightly wounded, 55% to hit)
You shoot a bolt. The bolt hits the orc!
You kill the orc!
Your Fighting skill increases to level 2!
Shoot: a) +0 hand crossbow
Press: ? - help, Shift-Dir - straight line, f/p - orc wizard
Aim: an orc wizard, wielding a +0 dagger and wearing a +0 robe (lightly wounded, 56% to hit)
You shoot a bolt. The bolt barely misses the orc wizard.
The bolt hits the orc.
The orc is severely wounded.
Shoot: a) +0 hand crossbow
Press: ? - help, Shift-Dir - straight line, f/p - orc wizard
Aim: an orc wizard, wielding a +0 dagger and wearing a +0 robe (lightly wounded, 56% to hit)
You shoot a bolt. The bolt hits the orc wizard.
The orc wizard is moderately wounded.
The orc wizard misses you.
The orc wizard points at you and mumbles some strange words.
You are confused.
You shoot a bolt. You shoot a bolt.
The orc wizard hits you with a +0 dagger.
* * * LOW HITPOINT WARNING * * *
The orc hits you with a +0 hand axe.
You die...

####..##..######.###
#...................
#.##..#.#.####.....#
#.##..#.#.# ##...##
#.#>..#.#.# ##.##
#.#.......# #.#
#.#.# #.# #.#
#.#.###. #+#
#..@o... ###o####
#)# #.# #..


You could see an orc wizard and an orc.

Vanquished Creatures
  A dart slug (D:1)
  An orc (D:3)
  5 endoplasms
  2 hobgoblins
  A quokka (D:1)
  3 bats (D:1)
  2 frilled lizards (D:1)
  5 kobolds
  7 rats
27 creatures vanquished.

Notes
Turn   | Place    | Note
-------+----------+-------------------------------------------
     0 | D:1      | lesaewzxc the Kobold Arcane Marksman began the quest for
                  | the Orb.
     0 | D:1      | Reached XP level 1. HP: 12/12 MP: 2/2
   181 | D:1      | Reached XP level 2. HP: 12/16 MP: 4/4
   574 | D:1      | Reached XP level 3. HP: 13/20 MP: 5/5
  1386 | D:3      | Slain by an orc

Illustrated notes

Levels and vault maps discovered:
D:1:      wander_arrival_peaceful_grave, layout_loops_ring
D:2:      minmay_diamond_boxcup, layout_basic,
          ebering_ecumenical_altar_sacrificial
D:3:      minmay_skewed_foursquare, layout_loops_corners, marbit_many_paths,
          minmay_misc_feat_columns

Skill      XL: |  1  2  3 |
---------------+----------+-----
Crossbows      | 3 |  3.3
Fighting       | 2 |  2.0
Dodging        | |  2.8
Spellcasting   | |  1.5
Hexes          | |  3.2

Action                   || total
-------------------------++-------
 Fire: Hand crossbow     ||    78
  Use: Potion            ||     5
       Scroll            ||     3
Armor: Robe              ||     7
Dodge: Dodged            ||    34

Table legend: (Time is in decaauts)
 A = Elapsed time spent in this place.
 B = Non-inter-level travel time spent in this place.
 C = Inter-level travel time spent in this place.
 D = Time resting spent in this place.
 E = Time spent auto-exploring this place.
 F = Levels seen in this place.
 G = Mean time per level.
                   A        B        C        D        E       F      G
               +--------+--------+--------+--------+--------+-----+--------+
         Total |   1392 |    889 |    503 |      0 |    174 |   3 |  464.0 |
       Dungeon |   1392 |    889 |    503 |      0 |    174 |   3 |  464.0 |
               +--------+--------+--------+--------+--------+-----+--------+

Top non-repeatable levels by time:
     D:1: 738 daAuts
     D:2: 574 daAuts
     D:3: 79 daAuts
